 Dungeon Sprint DCSS version 0.18-a0-1126-ga2d7f46 (webtiles) character file.

96855 Kidiri the Imperceptible (level 14, -12/59 HPs)
             Began as a Spriggan Enchanter on Jan 20, 2016.
             Was the Champion of Dithmenos.
             Killed from afar by a golden dragon (16 damage)
             ... with a blast of poison
             ... in the Dungeon (Sprint III: "The Ten Rune Challenge").
             The game lasted 00:40:06 (8335 turns).

Kidiri the Imperceptible (Spriggan Enchanter)       Turns: 8335, Time: 00:40:06

Health: -12/59     AC: 14    Str:  4    XL:     14   Next: 88%
Magic:  44/49      EV: 38    Int: 23    God:    Dithmenos [******]
Gold:   6253       SH: 10    Dex: 19    Spells: 9 memorised, 18 levels left

rFire  . . .     SeeInvis +     y - +4 quick blade
rCold  . . .     Gourm    .     l - +2 robe {MR+}
rNeg   . . .     Faith    .     o - +2 buckler {reflect}
rPois  .         Spirit   .     x - +3 hat of Pondering {ponderous, MR+ MP+10 Int+5}
rElec  .         Dismiss  .     b - +2 cloak
rCorr  .         Reflect  +     (gloves unavailable)
SustAt .         Harm     .     (boots unavailable)
MR     ++++.     NoTele   +     (no amulet)
Stlth  ++++++++++               (no ring)
                                (no ring)

@: lethally poisoned (-12 -> -20), wreathed by umbra, very quick, incredibly
resistant to hostile enchantments, uncannily stealthy
A: unfitting armour, rough black scales 1, see invisible, herbivore 3, speed 3,
slow metabolism 2, sturdy frame 1
a: Shadow Step, Shadow Form, Renounce Religion
}: 2/10 runes: decaying, serpentine


You were in the Dungeon.
You worshipped Dithmenos.
Dithmenos was exalted by your worship.
You were full.

You visited 1 branch You collected 8219 gold pieces.
You spent 1966 gold pieces at shops.

Inventory:

Hand Weapons
 r - a +1 rapier of venom
 y - a +4 quick blade (weapon)
 Q - a +1 short sword of holy wrath
Armour
 b - a +2 cloak (worn)
 l - a +2 robe of magic resistance (worn)
 o - a +2 buckler of reflection (worn)
 x - the +3 hat of Pondering (worn) {ponderous, MR+ MP+10 Int+5}
   (You took it off Gastronok in the Dungeon)

   It affects your intelligence (+5).
   It affects your resistance to hostile enchantments.
   It affects your magic capacity (+10).
Wands
 v - a wand of slowing (22/48)
Scrolls
 a - a scroll of fog {unknown}
 j - 2 scrolls of blinking
 k - a scroll of recharging
 n - a scroll of holy word
 p - 3 scrolls of remove curse
Potions
 c - a potion of berserk rage
 e - 4 potions of curing
 f - 6 potions of heal wounds
 g - 2 potions of haste
 h - a potion of magic
 m - a potion of might
 q - a potion of agility
 s - a potion of cure mutation
 t - a potion of flight
 w - a potion of lignification
Comestibles
 d - a bread ration
 i - 27 royal jellies
 u - 9 fruits


   Skills:
 * Level 19.0 Short Blades
 * Level 23.5 Dodging
 * Level 25.4 Stealth
 * Level 5.7 Shields
 * Level 20.4 Spellcasting
 + Level 10.2 Conjurations
 + Level 15.7 Hexes
 + Level 4.4 Summonings
 + Level 8.0 Translocations
 - Level 9.3 Ice Magic
 - Level 3.5 Invocations


You had 18 spell levels left.
You knew the following spells:

 Your Spells              Type           Power        Failure   Level  Hunger
a - Corona                Hex            #######      0%          1    None
b - Ensorcelled Hibernat  Hex/Ice        ######       1%          2    None
c - Confuse               Hex            #######.     0%          3    None
d - Tukima's Dance        Hex            #######.     0%          3    None
e - Dazzling Spray        Conj/Hex       ######..     1%          3    None
f - Darkness              Hex            #######...   1%          6    ###....
g - Mass Confusion        Hex            #######...   1%          6    ###....
h - Phase Shift           Tloc           ######....   1%          5    None
i - Shadow Creatures      Summ           N/A          56%         6    ###....


Dungeon Overview and Level Annotations

Branches:
Dungeon (1/1)

Altars:
Cheibriados
Dithmenos
Elyvilon
Fedhas
Gozag
Kikubaaqudgha
Makhleb
Nemelex Xobeh
Okawaru
Pakellas
Qazlal
Ru
Sif Muna
Trog
Vehumet
Xom
Yredelemnul
Zin
The Shining One
Jiyva
Lugonu

Shops:
D (}%(}!%!}(?=[%:!%?!


Innate Abilities, Weirdness & Mutations

You are tiny and cannot use many weapons and most armour.
You have supernaturally acute eyesight.
You are a herbivore.
You cover ground extremely quickly.
You need consume almost no food.
You are partially covered in rough black scales (AC +4, Dex -1).
Your movements are slightly less encumbered by armour (ER -2).


Message History

Confirm with . or Enter, or press ? or * to list all spells.
Okay, then.
Unknown command.
Aiming: Shadow Step
Press: ? - help, Dir - move target cursor, f/p - fire giant
Aim: a fire giant, wielding a great sword of flaming (grey smoke, resting, umbra)
You step into the fire giant's shadow.
The golden dragon misses you.
The golden dragon completely misses you.
The golden dragon tramples you.
You stumble backwards!
You hit the golden dragon but do no damage.
The fire giant casts a spell at you. The bolt of fire hits you!
Ouch! That really hurt!
* * * LOW HITPOINT WARNING * * *
You emit a cloud of dark smoke.
The vault guard shouts!
The golden dragon breathes poison at you.
The blast of poison engulfs you!
You are lethally poisoned!
You die...

#*,,**,**,,,,.C.....#pC≈≈≈#
.,,,,*,**,,,,uCp.Dbp#.C≈≈≈#
#*,,**,**,,,,..ppbb.#.≈≈≈.#
',,,,,,**,,,,zCCpp.b#≈§§≈≈#
#********,,,,cDppp..#.§C§§#
######***,,,,..Cp...#..p§§#
...≈≈#,**,,,,..pb..b#..§§§#
...≈≈####################§#
...≈≈≈≈##.....§§@§§C§§.§§§#
...≈≈≈≈##.#######§Dp§..§§.#
.......##.......#§§§§§§...#
.......########.#.§§§§§.[.#
.......##.......#.§§§§§..§#
#########÷#################
#*******#.#%....#[§§§§?(≈(#
§#*,,≈≈≈#..#.#.##≈≈§§≈§§§§#
≈#≈,≈*≈≈#.#...#.#§§§§§§§§§#


You could see a golden dragon.

Vanquished Creatures
  Frederick (D)
  Sigmund (D)
  A lich (D)
  Rupert (D)
  A deep elf master archer (D)
  A titan (D)
  Gastronok (D)
  2 shadow dragons (D)
  Chuck (D)
  A greater naga (D)
  Maud (D)
  A deep elf demonologist (D)
  A deep elf annihilator (D)
  2 dire elephants (D)
  Snorg (D)
  A deep elf death mage (D)
  A yaktaur captain (D)
  An ogre mage (D)
  4 vault guards (D)
  A fire dragon (D)
  A deep elf high priest (D)
  3 hydras (D)
  5 ice dragons (D)
  2 centaur warriors (D)
  A ghost crab (shapeshifter) (D)
  5 anacondas (D)
  4 dancing weapons (D)
  4 death yaks (D)
  A spriggan druid (D)
  A death drake (D)
  An unseen horror (D)
  A lindwurm (D)
  2 obsidian statues (D)
  An orc sorcerer (D)
  2 orc knights (D)
  5 deep elf magi (D)
  3 ugly things (D)
  A manticore (shapeshifter) (D)
  2 elephants (D)
  A guardian serpent (D)
  8 black mambas (D)
  2 spiny frogs (D)
  Edmund (D)
  A fire drake (D)
  A komodo dragon (D)
  3 wandering mushrooms (D)
  2 giant leeches (D)
  4 spriggan defenders (D)
  A queen bee (D)
  3 orc high priests (D)
  8 slime creatures (D)
  8 blink frogs (D)
  2 spriggans (D)
  A shadow (D)
  3 redbacks (D)
  A spatial vortex (D)
  A naga (D)
  A hydra simulacrum (D)
  A water moccasin (D)
  A swamp drake (D)
  A necrophage (D)
  2 centaurs (D)
  An earth elemental (D)
  A water elemental (D)
  32 killer bees (D)
  An electric eel (D)
  A jelly (D)
  An orc priest (D)
  Crazy Yiuf (D)
  Jessica (D)
  A necromancer (D)
  A wizard (D)
  3 humans (D)
  A kobold demonologist (D)
  4 adders (D)
  An ooze (D)
  2 swamp drake simulacra (D)
  3 orcs (D)
  A rat (D)
  2 bushes (D)
  4 butterflies (D)
  A plant (D)
190 creatures vanquished.

Vanquished Creatures (collateral kills)
  A naga warrior (D)
  3 deep elf magi (D)
  A naga (D)
  2 orc warriors (D)
  An orc wizard (D)
  An orc priest (D)
  8 orcs (D)
17 creatures vanquished.

Vanquished Creatures (others)
  2 draconian scorchers (D)
  Nessos (D)
  2 dancing weapons (D)
  3 yaktaurs (D)
  6 plants (D)
14 creatures vanquished.

Grand Total: 221 creatures vanquished

Notes
Turn   | Place    | Note
--------------------------------------------------------------
     0 | D        | Kidiri the Spriggan Enchanter began the quest for the Orb.
     0 | D        | Reached XP level 1. HP: 9/9 MP: 5/5
    13 | D        | Reached skill level 5 in Stealth
    24 | D        | Noticed Jessica
    27 | D        | Killed Jessica
    27 | D        | Reached skill level 5 in Dodging
    27 | D        | Reached skill level 6 in Stealth
    27 | D        | Reached XP level 2. HP: 13/13 MP: 6/8
    27 | D        | Reached XP level 3. HP: 16/16 MP: 6/9
    31 | D        | Learned a level 2 spell: Ensorcelled Hibernation
    35 | D        | Learned a level 3 spell: Confuse
    39 | D        | Learned a level 3 spell: Dazzling Spray
   115 | D        | Killed a yaktaur
   188 | D        | Killed a white draconian scorcher
   277 | D        | Noticed Crazy Yiuf
   284 | D        | Killed Crazy Yiuf
   284 | D        | Reached skill level 7 in Stealth
   284 | D        | Reached skill level 5 in Spellcasting
   284 | D        | Reached skill level 1 in Ice Magic
   284 | D        | Reached XP level 4. HP: 21/21 MP: 9/12
   306 | D        | Gained mutation: You are partially covered in rough black scales (AC +4, Dex -1). [potion of mutation]
   306 | D        | Gained mutation: Your magical capacity is low (-10% MP). [potion of mutation]
   307 | D        | Lost mutation: Your magical capacity is low (-10% MP). [potion of cure mutation]
   307 | D        | Lost mutation: You are partially covered in rough black scales (AC +4, Dex -1). [potion of cure mutation]
   308 | D        | Gained mutation: Your movements are slightly less encumbered by armour (ER -2). [potion of mutation]
   308 | D        | Gained mutation: You are partially covered in rough black scales (AC +4, Dex -1). [potion of mutation]
   335 | D        | Noticed a water elemental
   338 | D        | Killed a water elemental
   338 | D        | Reached skill level 8 in Stealth
   338 | D        | Reached skill level 1 in Conjurations
   338 | D        | Reached skill level 5 in Hexes
   348 | D        | Noticed a shadow
   378 | D        | Killed a shadow
   378 | D        | Reached skill level 5 in Short Blades
   378 | D        | Reached skill level 9 in Stealth
   378 | D        | Reached XP level 5. HP: 24/24 MP: 10/15
   378 | D        | Reached XP level 6. HP: 28/28 MP: 11/17
   427 | D        | Killed a white draconian scorcher
   471 | D        | Found an oddly glowing altar of Pakellas.
   471 | D        | Found a stormy altar of Qazlal.
   472 | D        | Found a sacrificial altar of Ru.
   472 | D        | Found a burning altar of Makhleb.
   472 | D        | Found a viscous altar of Jiyva.
   472 | D        | Found a shimmering altar of Xom.
   472 | D        | Found a shadowy altar of Dithmenos.
   472 | D        | Found a sparkling altar of Nemelex Xobeh.
   472 | D        | Found a corrupted altar of Lugonu.
   472 | D        | Found an opulent altar of Gozag.
   472 | D        | Noticed a spatial vortex
   476 | D        | Became a worshipper of Dithmenos the Shadowed
   488 | D        | Killed a spatial vortex
   488 | D        | Reached skill level 10 in Stealth
   488 | D        | Reached skill level 1 in Invocations
   497 | D        | Killed a yaktaur
   611 | D        | Learned a level 3 spell: Tukima's Dance
   611 | D        | Found a radiant altar of Vehumet.
   612 | D        | Found a deep blue altar of Sif Muna.
   612 | D        | Found an ancient bone altar of Kikubaaqudgha.
   633 | D        | Found a glowing silver altar of Zin.
   634 | D        | Found a glowing golden altar of the Shining One.
   634 | D        | Found a white marble altar of Elyvilon.
   634 | D        | Noticed a deep elf mage
   636 | D        | Killed a deep elf mage
   636 | D        | Reached * piety under Dithmenos
   636 | D        | Reached skill level 10 in Dodging
   636 | D        | Reached skill level 11 in Stealth
   636 | D        | Reached XP level 7. HP: 32/32 MP: 18/20
   648 | D        | Found an iron altar of Okawaru.
   649 | D        | Found a bloodstained altar of Trog.
   649 | D        | Noticed a human
   649 | D        | Noticed a human
   651 | D        | Killed a human
   651 | D        | Reached skill level 12 in Stealth
   652 | D        | Killed a human
   652 | D        | Reached XP level 8. HP: 36/36 MP: 20/22
   666 | D        | Found a snail-covered altar of Cheibriados.
   667 | D        | Found a basalt altar of Yredelemnul.
   667 | D        | Found a blossoming altar of Fedhas.
   668 | D        | Reached ** piety under Dithmenos
   688 | D        | Noticed Snorg
   692 | D        | Killed Snorg
   692 | D        | Reached skill level 13 in Stealth
   692 | D        | Reached skill level 10 in Spellcasting
   692 | D        | Reached XP level 9. HP: 39/39 MP: 22/24
   707 | D        | Noticed a centaur warrior
   714 | D        | Reached *** piety under Dithmenos
   716 | D        | Killed a centaur warrior
   716 | D        | Reached skill level 10 in Short Blades
   716 | D        | Reached skill level 14 in Stealth
   716 | D        | Reached skill level 5 in Ice Magic
   787 | D        | Noticed an unseen horror
   793 | D        | Killed an unseen horror
   799 | D        | Noticed a queen bee
   802 | D        | Killed a queen bee
   802 | D        | Reached skill level 15 in Stealth
   802 | D        | Reached skill level 5 in Conjurations
   806 | D        | Reached **** piety under Dithmenos
   819 | D        | Reached XP level 10. HP: 41/44 MP: 3/27
   826 | D        | Reached ***** piety under Dithmenos
  1121 | D        | Reached ****** piety under Dithmenos
  1361 | D        | Reached skill level 16 in Stealth
  1361 | D        | Reached skill level 10 in Hexes
  1402 | D        | Noticed a spiny frog
  1402 | D        | Noticed a spiny frog
  1406 | D        | Killed a spiny frog
  1406 | D        | Reached skill level 15 in Dodging
  1414 | D        | Killed a spiny frog
  1654 | D        | Noticed a lindwurm
  1657 | D        | Killed a lindwurm
  1657 | D        | Reached skill level 17 in Stealth
  1665 | D        | Reached XP level 11. HP: 47/47 MP: 29/29
  1666 | D        | Noticed Maud
  1668 | D        | Killed Maud
  1674 | D        | Noticed a seven-headed hydra
  1674 | D        | Noticed a seven-headed hydra
  1691 | D        | Killed a seven-headed hydra
  1768 | D        | Killed a seven-headed hydra
  1784 | D        | Reached skill level 18 in Stealth
  1872 | D        | Noticed a death drake
  1874 | D        | Killed a death drake
  1884 | D        | Found a blossoming altar of Fedhas.
  1884 | D        | Noticed a spriggan druid
  1886 | D        | Killed a spriggan druid
  1923 | D        | Noticed an anaconda
  1923 | D        | Noticed an anaconda
  1932 | D        | Killed an anaconda
  1945 | D        | Killed an anaconda
  1974 | D        | Killed Nessos
  2080 | D        | Noticed an anaconda
  2080 | D        | Noticed an anaconda
  2081 | D        | Killed an anaconda
  2081 | D        | Reached skill level 19 in Stealth
  2084 | D        | Reached skill level 15 in Spellcasting
  2086 | D        | Killed an anaconda
  2090 | D        | Reached XP level 12. HP: 51/51 MP: 30/32
  2165 | D        | Noticed an anaconda
  2172 | D        | Killed an anaconda
  2211 | D        | Noticed a naga warrior
  2211 | D        | Noticed a greater naga
  2211 | D        | Found Voph's Antique Weapon Shop.
  2211 | D        | Found Bolu's Gadget Shoppe.
  2211 | D        | Found Byporaosm's Distillery.
  2378 | D        | Killed a naga warrior
  2421 | D        | Killed a greater naga
  2575 | D        | Reached skill level 20 in Stealth
  2576 | D        | Got a serpentine rune of Zot
  2858 | D        | Noticed Rupert
  2863 | D        | Killed Rupert
  2863 | D        | Reached skill level 15 in Short Blades
  2884 | D        | Noticed a death yak
  2885 | D        | Noticed a death yak
  2885 | D        | Noticed an azure jelly
  2885 | D        | Noticed a death yak
  2885 | D        | Noticed an azure jelly
  2885 | D        | Noticed a death yak
  2886 | D        | Killed a death yak
  2888 | D        | Killed a death yak
  2890 | D        | Killed a death yak
  2902 | D        | Killed a death yak
  2902 | D        | Reached skill level 21 in Stealth
  2911 | D        | Noticed an azure jelly
  2911 | D        | Noticed an azure jelly
  3014 | D        | Noticed an ice dragon
  3015 | D        | Noticed an ice dragon
  3036 | D        | Noticed an ice dragon
  3053 | D        | Killed an ice dragon
  3059 | D        | Killed an ice dragon
  3059 | D        | Reached XP level 13. HP: 32/55 MP: 12/34
  3237 | D        | Found Vaeck's Antique Weapon Shoppe.
  3237 | D        | Found Suymakh's Gadget Boutique.
  3240 | D        | Found Dosagulu's Food Emporium.
  3358 | D        | Got a decaying rune of Zot
  3437 | D        | Noticed a dire elephant
  3437 | D        | Noticed a dire elephant
  3437 | D        | Noticed Gastronok
  3439 | D        | Killed Gastronok
  3457 | D        | Killed a dire elephant
  3661 | D        | Killed a dire elephant
  3661 | D        | Reached skill level 22 in Stealth
  3990 | D        | Found Ziob's Food Boutique.
  4172 | D        | Bought a potion of heal wounds for 50 gold pieces
  4172 | D        | Bought a potion of heal wounds for 50 gold pieces
  4560 | D        | Noticed a deep elf annihilator
  4561 | D        | Noticed a deep elf demonologist
  4823 | D        | Noticed a deep elf death mage
  4830 | D        | Killed a deep elf death mage
  4831 | D        | Noticed a deep elf master archer
  4839 | D        | Killed a deep elf demonologist
  5046 | D        | Killed a deep elf master archer
  5046 | D        | Reached skill level 23 in Stealth
  5495 | D        | Killed a deep elf annihilator
  5742 | D        | Noticed Sigmund
  5742 | D        | Noticed Edmund
  5754 | D        | Killed Sigmund
  5767 | D        | Killed Edmund
  6073 | D        | Reached XP level 14. HP: 59/59 MP: 33/38
  6160 | D        | Found Boebod's Antique Armour Emporium.
  6160 | D        | Found Hutiunats's Book Shop.
  6160 | D        | Found Ikigeta's Magic Scroll Boutique.
  6160 | D        | Found Jookk's Distillery.
  6160 | D        | Found Peizaehane's Jewellery Boutique.
  6160 | D        | Found Ciwkojee's Food Emporium.
  6160 | D        | Found Eneik's Antique Weapon Shoppe.
  6160 | D        | Found Luovviu's Magic Scroll Shop.
  6160 | D        | Found Puixyx's Gadget Shop.
  6160 | D        | Found Cuavufra's Food Emporium.
  6160 | D        | Found Ivvurunec's Distillery.
  6160 | D        | Found Amuahib's Distillery.
  6182 | D        | Bought a book of Dreams for 975 gold pieces
  6201 | D        | Bought a scroll of identify for 26 gold pieces
  6201 | D        | Bought a scroll of identify for 26 gold pieces
  6210 | D        | Bought a scroll of blinking for 97 gold pieces
  6210 | D        | Bought a scroll of magic mapping for 45 gold pieces
  6210 | D        | Bought a scroll of enchant armour for 97 gold pieces
  6210 | D        | Bought a scroll of enchant armour for 97 gold pieces
  6210 | D        | Bought a scroll of identify for 26 gold pieces
  6210 | D        | Bought a scroll of enchant weapon for 97 gold pieces
  6210 | D        | Bought a scroll of identify for 26 gold pieces
  6210 | D        | Bought a scroll of enchant armour for 97 gold pieces
  6216 | D        | Bought a runed buckler for 117 gold pieces
  6230 | D        | Learned a level 6 spell: Darkness
  6237 | D        | Learned a level 6 spell: Mass Confusion
  6243 | D        | Learned a level 5 spell: Phase Shift
  6250 | D        | Learned a level 6 spell: Shadow Creatures
  6261 | D        | Bought a potion of heal wounds for 50 gold pieces
  6261 | D        | Bought a potion of curing for 30 gold pieces
  6261 | D        | Bought 2 potions of curing for 60 gold pieces
  6317 | D        | Reached skill level 1 in Translocations
  6476 | D        | Reached skill level 1 in Summonings
  6496 | D        | Reached skill level 1 in Shields
  6725 | D        | Reached skill level 24 in Stealth
  6783 | D        | Reached skill level 15 in Hexes
  7065 | D        | Noticed Chuck
  7656 | D        | Killed Chuck
  7794 | D        | Noticed Frederick
  7795 | D        | Killed Frederick
  7795 | D        | Reached skill level 5 in Translocations
  7817 | D        | Noticed a lich
  7819 | D        | Killed a lich
  7819 | D        | Reached skill level 10 in Conjurations
  7838 | D        | Noticed a shadow dragon
  7840 | D        | Noticed a shadow dragon
  7843 | D        | Killed a shadow dragon
  7844 | D        | Killed a shadow dragon
  7844 | D        | Reached skill level 25 in Stealth
  7844 | D        | Reached skill level 5 in Shields
  8020 | D        | Noticed a titan
  8021 | D        | Noticed a golden dragon
  8021 | D        | Noticed a frost giant
  8021 | D        | Noticed a stone giant
  8021 | D        | Noticed a frost giant
  8021 | D        | Noticed a fire giant
  8021 | D        | Noticed a fire giant
  8021 | D        | Noticed a golden dragon
  8112 | D        | Killed a titan
  8335 | D        | Killed from afar by a golden dragon

Vault maps used:
D:        dungeon_sprint_mu

Action                   |  1- 3 |  4- 6 |  7- 9 | 10-12 | 13-15 || total
-------------------------+-------+-------+-------+-------+-------++-------
Melee: Dagger            |    18 |    20 |    21 |   130 |    78 ||   267
       Rapier            |       |       |       |       |    87 ||    87
       Short sword       |       |       |       |       |    11 ||    11
       Quick blade       |       |       |       |       |   304 ||   304
 Cast: Ensorcelled Hiber |     4 |     1 |     1 |    68 |    14 ||    88
       Dazzling Spray    |     2 |     7 |    10 |    23 |   108 ||   150
       Confuse           |       |       |       |     7 |    17 ||    24
       Tukima's Dance    |       |       |       |     3 |    19 ||    22
       Mass Confusion    |       |       |       |       |     3 ||     3
       Phase Shift       |       |       |       |       |     1 ||     1
Invok: Shadow Step       |       |       |       |    15 |    12 ||    27
  Use: Potion            |     1 |     4 |       |       |     3 ||     8
       Scroll            |       |       |       |       |    12 ||    12
 Stab: Sleeping          |     4 |     5 |     9 |    67 |    36 ||   121
       Invisible         |       |       |     4 |     7 |    12 ||    23
       Confused          |       |       |       |     2 |     8 ||    10
       Distracted        |       |       |       |       |     2 ||     2
  Eat: Bread ration      |       |       |       |     1 |     1 ||     2
